 Dungeon Sprint DCSS version 0.18.1-6-gd335043 (webtiles) character file.

1779 Hipnos the Unseen (level 8, -12/37 HPs)
             Began as a Spriggan Enchanter on May 19, 2016.
             Was a Priest of Sif Muna.
             Mangled by an ice devil (17 damage)
             ... summoned by a kobold demonologist
             ... in the Dungeon (Sprint I: "Red Sonja").
             The game lasted 00:02:29 (331 turns).

Hipnos the Unseen (Spriggan Enchanter)               Turns: 331, Time: 00:02:31

Health: -12/37     AC:  6    Str:  4      XL:     8   Next: 81%
Magic:  8/21       EV: 23    Int: 18      God:    Sif Muna [***...]
Gold:   552        SH:  7    Dex: 16 (17) Spells: 3 memorised, 18 levels left

rFire  . . .     SeeInvis +     a - +1 dagger
rCold  . . .     Gourm    .     b - +1 robe
rNeg   . . .     Faith    .     n - +2 buckler {AC+3}
rPois  .         Spirit   .     (helmet restricted)
rElec  .         Dismiss  .     (no cloak)
rCorr  .         Reflect  .     (gloves unavailable)
SustAt .         Harm     .     (boots unavailable)
MR     +....     NoTele   +     (no amulet)
Stlth  +++++++++.               (no ring)
                                (no ring)

@: very quick, somewhat resistant to hostile enchantments, incredibly stealthy
A: unfitting armour, see invisible, herbivore 3, speed 3, slow metabolism 2
a: Channel Energy, Renounce Religion


You were in the Dungeon.
You worshipped Sif Muna.
Sif Muna was most pleased with you.
You were not hungry.

You visited 1 branch You collected 642 gold pieces.
You spent 90 gold pieces at shops.

Inventory:

Hand Weapons
 a - a +1 dagger (weapon)
Armour
 b - a +1 robe (worn)
 n - a +2 buckler of protection (worn)
Scrolls
 j - a scroll of blinking
 k - a scroll of remove curse {unknown}
 l - a scroll of magic mapping {unknown}
 m - 2 scrolls of random uselessness {unknown}
 o - a scroll of identify {unknown}
Potions
 e - a potion of curing
 f - a potion of heal wounds
 g - a potion of haste
 h - 2 potions of magic
 i - a potion of berserk rage
Books
 c - a book of Maledictions

   Spells                             Type                      Level
   a - Corona                         Hexes                        1
   b - Ensorcelled Hibernation        Hexes/Ice                    2
   c - Confuse                        Hexes                        3
   d - Tukima's Dance                 Hexes                        3
   e - Dazzling Spray                 Conjuration/Hexes            3
Comestibles
 d - a bread ration


   Skills:
 + Level 0.5 Fighting
 + Level 3.4 Short Blades
 + Level 8.9 Dodging
 * Level 20.1 Stealth
 + Level 8.7 Spellcasting
 + Level 12.1 Hexes
 + Level 0.8 Ice Magic


You had 18 spell levels left.
You knew the following spells:

 Your Spells              Type           Power        Failure   Level  Hunger
a - Corona                Hex            ######.      1%          1    None
b - Ensorcelled Hibernat  Hex/Ice        ####..       1%          2    None
c - Confuse               Hex            ######..     1%          3    None


Dungeon Overview and Level Annotations

Branches:
Dungeon (1/1)

Altars:
Cheibriados
Dithmenos
Elyvilon
Fedhas
Gozag
Kikubaaqudgha
Makhleb
Nemelex Xobeh
Okawaru
Pakellas
Qazlal
Ru
Sif Muna
Trog
Vehumet
Xom
Yredelemnul
Zin
The Shining One
Jiyva

Shops:
D [%[


Innate Abilities, Weirdness & Mutations

You are tiny and cannot use many weapons and most armour.
You have supernaturally acute eyesight.
You are a herbivore.
You cover ground extremely quickly.
You need consume almost no food.


Message History

Press: ? - help, Shift-Dir - straight line, f/p - ice devil
Aim: an ice devil (summoned, chance to defeat MR: 22%)
The ice devil resists with almost no effort.
The ice devil completely misses you.
Casting: Confuse
Confirm with . or Enter, or press ? or * to list all spells.
Aiming: Confuse
Press: ? - help, Shift-Dir - straight line, f/p - ice devil
Aim: an ice devil (summoned, chance to defeat MR: 22%)
The ice devil resists with almost no effort.
The ice devil hits you! The ice devil freezes you!!
Ouch! That really hurt!
* * * LOW HITPOINT WARNING * * *
You catch the helpless quasit completely off-guard!
You perforate the quasit like a sieve!!!
You kill the quasit!
The ice devil hits you.
* * * LOW HITPOINT WARNING * * *
The ice devil freezes you!
You die...

##########################
#<.#.)'..#..'..#__#543555#
#..'..#.)').#..'@4KK.#..5#
#..#####'#####'#__#### 55+
#..####..#...#.#### ##
#..#__####..##.#
#..#_.___##'#..+
#⌠⌠#_.∩..†'..._#
####_..._##_.#'##+###
#_____###'#(#...(###
############.####'###(##


You could see a sun demon, an ice devil, 2 kobold demonologists, a red devil, an
iron imp, a quasit and a shadow imp.

Vanquished Creatures
  Sonja (D)
  A deep troll (D)
  A slime creature (D)
  Sigmund (D)
  A yak (D)
  A giant eyeball (D)
  An ogre (D)
  A jelly (D)
  Ijyb (D)
9 creatures vanquished.

Notes
Turn   | Place    | Note
--------------------------------------------------------------
     0 | D        | Hipnos the Spriggan Enchanter began the quest for the Orb.
     0 | D        | Reached XP level 1. HP: 9/9 MP: 5/5
     2 | D        | Noticed Ijyb
    16 | D        | Killed Ijyb
    16 | D        | Reached skill level 7 in Stealth
    16 | D        | Reached skill level 5 in Hexes
    16 | D        | Reached XP level 2. HP: 10/13 MP: 5/7
    79 | D        | Learned a level 2 spell: Ensorcelled Hibernation
    81 | D        | Noticed an ogre
    84 | D        | Killed an ogre
    84 | D        | Reached skill level 10 in Stealth
    84 | D        | Reached XP level 3. HP: 16/16 MP: 8/10
    84 | D        | Reached XP level 4. HP: 21/21 MP: 8/11
   101 | D        | Learned a level 3 spell: Confuse
   105 | D        | Noticed Sigmund
   108 | D        | Killed Sigmund
   108 | D        | Reached skill level 13 in Stealth
   108 | D        | Reached skill level 5 in Spellcasting
   108 | D        | Reached XP level 5. HP: 24/24 MP: 9/14
   150 | D        | Found a deep blue altar of Sif Muna.
   152 | D        | Found a radiant altar of Vehumet.
   156 | D        | Became a worshipper of Sif Muna the Loreminder
   158 | D        | Reached XP level 6. HP: 28/28 MP: 13/16
   183 | D        | Found Tuecog's Food Emporium.
   183 | D        | Found a white marble altar of Elyvilon.
   183 | D        | Found a stormy altar of Qazlal.
   183 | D        | Found a burning altar of Makhleb.
   183 | D        | Found a sacrificial altar of Ru.
   183 | D        | Found an oddly glowing altar of Pakellas.
   183 | D        | Found a basalt altar of Yredelemnul.
   183 | D        | Found a glowing golden altar of the Shining One.
   183 | D        | Found a sparkling altar of Nemelex Xobeh.
   183 | D        | Found a shimmering altar of Xom.
   183 | D        | Found an opulent altar of Gozag.
   183 | D        | Found an ancient bone altar of Kikubaaqudgha.
   183 | D        | Found a glowing silver altar of Zin.
   183 | D        | Noticed a yak
   184 | D        | Found an iron altar of Okawaru.
   185 | D        | Killed a yak
   185 | D        | Reached skill level 15 in Stealth
   186 | D        | Found a bloodstained altar of Trog.
   197 | D        | Noticed Sonja
   201 | D        | Killed Sonja
   201 | D        | Reached * piety under Sif Muna
   201 | D        | Reached ** piety under Sif Muna
   201 | D        | Reached skill level 18 in Stealth
   201 | D        | Reached XP level 7. HP: 32/32 MP: 17/19
   201 | D        | Reached XP level 8. HP: 37/37 MP: 17/20
   211 | D        | Noticed a deep troll
   215 | D        | Killed a deep troll
   215 | D        | Reached skill level 19 in Stealth
   225 | D        | Found Cecw's Armour Emporium.
   255 | D        | Found Udiadeo's Antique Armour Boutique.
   263 | D        | Bought a glowing buckler for 90 gold pieces
   290 | D        | Found a snail-covered altar of Cheibriados.
   290 | D        | Found a viscous altar of Jiyva.
   290 | D        | Found a shadowy altar of Dithmenos.
   290 | D        | Found a blossoming altar of Fedhas.
   290 | D        | Noticed a slime creature
   293 | D        | Killed a slime creature
   306 | D        | Noticed a kobold demonologist
   307 | D        | Noticed a kobold demonologist
   309 | D        | Reached *** piety under Sif Muna
   309 | D        | Reached skill level 20 in Stealth
   313 | D        | Noticed a red devil
   317 | D        | Noticed a sun demon
   322 | D        | Noticed an ice devil
   331 | D        | Mangled by an ice devil

Skill      XL: |  1  2  3  4  5  6  7  8 |
---------------+-------------------------+-----
Dodging        | 4 6 8 |  8.9
Stealth        | 7 10 13 18 20 | 20.1
Spellcasting   | 3 4 5 6 7 8 |  8.7
Hexes          | 5 6 8 11 12 | 12.1
Short Blades   | 2 3 |  3.4
Fighting       | |  0.5
Ice Magic      | |  0.8

Action                   |  1- 3 |  4- 6 |  7- 9 || total
-------------------------+-------+-------+-------++-------
Melee: Dagger            |    13 |     4 |    17 ||    34
 Cast: Ensorcelled Hiber |       |     2 |     1 ||     3
       Confuse           |       |       |     4 ||     4
 Stab: Sleeping          |     2 |     4 |     3 ||     9
       Confused          |       |       |     1 ||     1
Armor: Robe              |     2 |       |     7 ||     9
Dodge: Dodged            |     6 |     1 |    28 ||    35
Block: Buckler           |       |       |     9 ||     9
